 Dungeon Crawl Stone Soup version 0.28.0-62-gf88900778d (webtiles) character file.

Game seed: 9703559456002165089

2635 cbfl8 the Cleaver (level 9, -3/80 HPs)
             Began as a Minotaur Berserker on May 18, 2023.
             Was a Priest of Trog.
             Succumbed to Edmund's poison
             ... on level 6 of the Dungeon.
             The game lasted 00:04:11 (5398 turns).

cbfl8 the Cleaver (Minotaur Berserker)              Turns: 5398, Time: 00:04:11

Health: -3/80      AC: 14    Str: 22    XL:     9   Next: 35%
Magic:  8/8        EV:  8    Int:  4    God:    Trog [***...]
Gold:   204        SH:  0    Dex: 14    Spells: 8/8 levels left

rFire   . . .      SeeInvis .   a - +0 hand axe
rCold   . . .      Faith    .   (no shield)
rNeg    . . .      Spirit   .   i - +0 plate armour
rPois   .          Reflect  .   (helmet restricted)
rElec   .          Harm     .   k - +0 cloak
rCorr   .          Rampage  .   (no gloves)
Will    .....                   (no boots)
Stlth   ..........              (no amulet)
HPRegen 0.23/turn               (no ring)
MPRegen 0.11/turn               (no ring)

@: lethally poisoned (-3 -> -21), on berserk cooldown, slowed, very slow
A: horns 2, retaliatory headbutt
a: Renounce Religion, Berserk, Trog's Hand


You were on level 6 of the Dungeon.
You worshipped Trog.
Trog was most pleased with you.
You visited 1 branch of the dungeon, and saw 8 of its levels.

You collected 204 gold pieces.

Inventory:

Hand Weapons
 a - a +0 hand axe (weapon)
Armour
 i - a +0 plate armour (worn)
 k - a +0 cloak (worn)
Wands
 g - a wand of flame (27)
Scrolls
 b - 2 scrolls of amnesia {unknown}
 c - a scroll of fear {unknown}
 d - a scroll of vulnerability {unknown}
 h - 2 scrolls of teleportation {unknown}
 j - a scroll of identify {unknown}
 m - a scroll of magic mapping {unknown}
Potions
 e - 3 potions of curing {unknown}
 f - a potion of brilliance {unknown}
 l - 2 potions of flight {unknown}


   Skills:
 + Level 7.7 Fighting
 + Level 9.9 Axes
 + Level 7.1 Armour
 + Level 3.2 Dodging
 + Level 1.1 Stealth
 * Level 5.1 Evocations


You had 8 spell levels left.
You didn't know any spells.
Your spell library was empty.

Dungeon Overview and Level Annotations

Branches:
Dungeon (8/15)             Temple (0/1) D:7
   Lair: D:8-11

Altars:
Vehumet

Annotations:
D:7 Joseph


Innate Abilities, Weirdness & Mutations

You have a pair of horns on your head.
You reflexively headbutt those who attack you in melee.


Message History

You hit Edmund but do no damage. Your headbutt misses Edmund.
Edmund is moderately wounded.
You feel very sick. Edmund hits you but does no damage.
You are more poisoned.
You hit Edmund but do no damage. You punch Edmund.
Edmund is moderately wounded.
* * * LOW HITPOINT WARNING * * *
You feel very sick.
Edmund hits you with a +3 dire flail of venom.
* * * LOW HITPOINT WARNING * * *
You are more poisoned.
You slash Edmund!
Edmund is severely wounded.
* * * LOW HITPOINT WARNING * * *
You feel very sick.
You slash Edmund!
Edmund is almost dead.
* * * LOW HITPOINT WARNING * * *
You feel very sick.
Edmund hits you with a +3 dire flail of venom.
* * * LOW HITPOINT WARNING * * *
You hit Edmund. You headbutt Edmund.
You kill Edmund!
Trog accepts your kill.
* * * LOW HITPOINT WARNING * * *
You feel very sick.
Unknown command.
* * * LOW HITPOINT WARNING * * *
You feel very sick.
Okay, then.
You feel a strong urge to attack something.
* * * LOW HITPOINT WARNING * * *
You feel very sick.
* * * LOW HITPOINT WARNING * * *
You feel very sick.
You feel your anger nearly subside.
You are no longer berserk.
You are exhausted.
You feel yourself slow down.
You die...

#.........#.......###...## ##
....))...#........##.....## ###.
....>)#...........#.).....####...
...).##.......................###
.....##........)....##......### #
.....###............##......# #
.#...###.............#......##
.#....##....##.......#...##..####
..........######@.......####..##.
..........####.......:..# #.....
............##..<.......# #...##
........##..........##..# #..##
#....<..........[....#..# #.## #
......##.................# #.# #.
....... .................# ..).>.
.....#...........................
..... ...............#....... ..


There were no monsters in sight!

Vanquished Creatures
  Sigmund (D:2)
  6 yaks (D:5)
  Edmund (D:6)
  3 water moccasins
  An orc warrior (D:7)
  A necrophage (D:3)
  3 ogres
  A howler monkey (D:5)
  2 wights (D:6)
  2 bullfrog zombies
  A centaur zombie (D:5)
  3 hounds
  2 gnoll shamans (D:5)
  3 orc priests
  An iguana (D:4)
  An orc wizard (D:5)
  A howler monkey zombie (D:5)
  10 gnolls (D:5)
  6 adders
  2 howler monkey skeletons
  An adder skeleton (D:5)
  2 worms (D:4)
  2 dart slugs
  8 orcs
  5 bats
  7 endoplasms
  2 giant cockroaches
  4 goblins
  5 hobgoblins
  4 ball pythons
  A frilled lizard (D:3)
  7 rats
99 creatures vanquished.

Notes
Turn   | Place    | Note
-------+----------+-------------------------------------------
     0 | D:1      | cbfl8 the Minotaur Berserker began the quest for the Orb.
     0 | D:1      | Reached XP level 1. HP: 19/19 MP: 0/0
   489 | D:1      | Reached XP level 2. HP: 27/27 MP: 1/1
   999 | D:2      | Reached skill level 4 in Axes
  1076 | D:2      | Noticed Sigmund
  1090 | D:2      | Killed Sigmund
  1090 | D:2      | Reached ** piety under Trog
  1091 | D:2      | Reached skill level 5 in Axes
  1091 | D:2      | Reached skill level 1 in Evocations
  1091 | D:2      | Reached XP level 3. HP: 26/34 MP: 2/2
  1091 | D:2      | Reached XP level 4. HP: 31/41 MP: 3/3
  1091 | D:2      | Reached XP level 5. HP: 35/47 MP: 4/4
  1777 | D:3      | Found a radiant altar of Vehumet.
  1876 | D:3      | Noticed a necrophage
  1890 | D:3      | Killed a necrophage
  1891 | D:3      | Reached skill level 5 in Fighting
  1891 | D:3      | Reached XP level 6. HP: 44/56 MP: 5/5
  1966 | D:3      | Found a faded altar of an unknown god.
  2179 | D:4      | Reached skill level 1 in Stealth
  2356 | D:4      | You fall into a shaft and drop 3 floors!
  2356 | D:7      | Noticed Joseph
  2356 | D:7      | Noticed a water moccasin
  2356 | D:7      | Noticed a gargoyle
  2365 | D:8      | Killed a water moccasin
  2366 | D:8      | Reached skill level 6 in Axes
  2578 | D:7      | Noticed an orc warrior
  2582 | D:7      | Killed an orc warrior
  2583 | D:7      | Reached XP level 7. HP: 61/61 MP: 6/6
  2698 | D:7      | Found a staircase to the Ecumenical Temple.
  2711 | D:6      | Reached skill level 7 in Axes
  2718 | D:6      | Reached skill level 5 in Armour
  2829 | D:6      | Noticed Edmund
  2831 | D:5      | Entered Level 5 of the Dungeon
  3428 | D:5      | Reached XP level 8. HP: 68/70 MP: 7/7
  3594 | D:5      | Reached skill level 8 in Axes
  3604 | D:5      | Reached skill level 9 in Axes
  3607 | D:5      | Reached XP level 9. HP: 19/79 MP: 8/8
  4138 | D:5      | Reached *** piety under Trog
  5260 | D:6      | Reached skill level 5 in Evocations
  5394 | D:6      | Killed Edmund
  5396 | D:6      | HP: 5/120 [poisoned by Edmund]
  5397 | D:6      | HP: 2/120 [poisoned by Edmund]
  5398 | D:6      | Succumbed to Edmund's poison

Illustrated notes

Levels and vault maps discovered:
D:1:      scummos_arrival_star, layout_loops_ring
D:2:      layout_loops_ring, kennysheep_generic_room_10, uniq_sigmund
D:3:      layout_rooms, fiery_altar_vehumet,
          hellmonk_ecumenical_altar_heavens_door
D:4:      layout_gridville
D:5:      layout_basic, minmay_crossroads
D:6:      layout_layer_cave, uniq_edmund
D:7:      layout_cave_pools, minmay_temple_entry_butterflies,
          minmay_misc_feat_columns, uniq_joseph
D:8:      layout_basic, david_lair_shrubbed, roderic_roman_lattice,
          st_stairs_14, kb_rosetta

Skill      XL: |  1  2  3  4  5  6  7  8  9 |
---------------+----------------------------+-----
Fighting       | 4 5 7 |  7.7
Axes           | 5 6 7 9 |  9.9
Armour         | 3 4 5 6 7 |  7.1
Evocations     | 1 2 3 4 5 |  5.1
Stealth        | 1 |  1.1
Dodging        | 3 |  3.2

Action                   |  1- 3 |  4- 6 |  7- 9 || total
-------------------------+-------+-------+-------++-------
Melee: Hand axe          |    57 |    61 |   206 ||   324
       Headbutt          |     4 |    14 |    43 ||    61
       Punch             |       |     1 |     6 ||     7
Invok: Berserk           |       |     2 |     2 ||     4
 Stab: Sleeping          |     1 |       |       ||     1
Armor: Animal skin       |     5 |       |       ||     5
       Chain mail        |    11 |    20 |     2 ||    33
       Plate armour      |       |       |    93 ||    93
Dodge: Dodged            |    20 |    26 |    75 ||   121
